 Dungeon Crawl Stone Soup version 0.19-a0-606-gee5277e (webtiles) character file.

4910 TheGoonsmith the Destroyer (level 10, -11/58 HPs)
             Began as a Gargoyle Fire Elementalist on June 11, 2016.
             Was an Elder of Vehumet.
             Mangled by an orc warlord
             ... wielding a +2 great mace of draining
              (30 damage)
             ... in a bailey.
             The game lasted 00:24:12 (8281 turns).

TheGoonsmith the Destroyer (GrFE)                   Turns: 8281, Time: 00:24:13

Health: -11/58     AC: 23    Str: 13    XL:     10   Next: 51%
Magic:  14/22      EV:  9    Int: 20    God:    Vehumet [****..]
Gold:   531        SH:  0    Dex: 10    Spells: 5 memorised, 7 levels left

rFire  x . .     SeeInvis .     f - +1 dagger (venom)
rCold  + + .     Gourm    +     y - +0 ice dragon armour
rNeg   + . .     Faith    .     (no shield)
rPois  ∞         Spirit   .     u - +0 helmet
rElec  +         Dismiss  .     x - +0 cloak
rCorr  .         Reflect  .     (no gloves)
SustAt .         Harm     .     t - +1 pair of boots
MR     .....     Clarity  +     B - amulet of the gourmand
Stlth  ..........               (no ring)
                                (no ring)

@: hasted, very quick, not resistant to hostile enchantments, extremely
unstealthy
A: clarity, clever 1, negative energy resistance 1, electricity resistance, slow
regeneration 1, unbreathing, petrification resistance, rot immunity, AC +7
a: Renounce Religion


You were in a bailey.
You worshipped Vehumet.
Vehumet was greatly pleased with you.
You were very full.

You visited 1 branch of the dungeon, and saw 7 of its levels.
You also visited: Sewer and Bailey.

You collected 531 gold pieces.

Inventory:

Hand Weapons
 e - a +0 whip
 f - a +1 dagger of venom (weapon)
 k - a +0 mace
Armour
 a - a +1 robe
 t - a +1 pair of boots (worn)
 u - a +0 helmet (worn)
 x - a +0 cloak (worn)
 y - a +0 ice dragon armour (worn)
Rods
 C - a -1 iron rod (11/11)
   (You took it off an orc on level 5 of the Dungeon)
Jewellery
 B - an amulet of the gourmand (around neck)
Wands
 g - a wand of acid (2/15)
 s - a wand of lightning (5/15)
Scrolls
 v - 2 scrolls of remove curse
 w - 2 scrolls of blinking
 A - a scroll of fog
 D - 4 scrolls of teleportation
 E - a scroll of identify
Potions
 d - a potion of might {unknown}
 h - 3 potions of brilliance
 j - a potion of degeneration {unknown}
 l - 2 potions of cancellation
 m - a potion of heal wounds {unknown}
 n - 6 potions of curing
 o - 3 potions of haste
 p - 4 potions of lignification
 q - a potion of resistance
 r - a potion of invisibility {unknown}
 F - a potion of magic {unknown}
 H - a potion of beneficial mutation {unknown}
Books
 b - a book of Flames

   Spells                             Type                      Level
   a - Flame Tongue                   Conjuration/Fire             1
   b - Throw Flame                    Conjuration/Fire             2
   c - Conjure Flame                  Conjuration/Fire             3
   d - Inner Flame                    Hexes/Fire                   3
   e - Sticky Flame                   Conjuration/Fire             4
   f - Fireball                       Conjuration/Fire             5
Comestibles
 c - 8 bread rations
 i - 21 fruits
 z - 2 beef jerkies
 G - a slice of pizza


   Skills:
 - Level 4.6 Fighting
 - Level 6.9 Armour
 - Level 1.5 Dodging
 - Level 2.1 Stealth
 - Level 8.0 Spellcasting
 + Level 10.2 Conjurations
 * Level 0.0 Charms
 - Level 10.2 Fire Magic


You had 7 spell levels left.
You knew the following spells:

 Your Spells              Type           Power        Failure   Level  Hunger
a - Flame Tongue          Conj/Fire      #####        1%          1    None
b - Iskenderun's Battles  Conj/Chrm      ####....     61%         5    #####..
c - Conjure Flame         Conj/Fire      #####...     1%          3    None
f - Fireball              Conj/Fire      #####.....   5%          5    #####..
s - Sticky Flame          Conj/Fire      #####...     2%          4    ###....


Dungeon Overview and Level Annotations

Branches:
Dungeon (7/15)             Temple (0/1) D:5

Altars:
Cheibriados
Dithmenos
Nemelex Xobeh
Pakellas
Qazlal
Ru
Vehumet
Zin

Shops:
D:2 *   D:5 =   D:6 *


Innate Abilities, Weirdness & Mutations

You are resistant to torment.
Your stone body is resilient. (AC +7)
You are immune to poison.
You resist negative energy. (rN+)
You are resistant to electric shocks. (rElec)
You can survive without breathing.
You are immune to petrification.
You are immune to rotting.
You possess an exceptional clarity of mind.
Your mind is acute. (Int +2)
You regenerate slowly when monsters are visible.


Message History

Casting: Sticky Flame
Confirm with . or Enter, or press ? or * to list all spells.
Aiming: Sticky Flame
Press: ? - help, Shift-Dir - straight line, f/p - orc warlord
Aim: an orc warlord, wielding a great mace of draining and wearing a chain mail (lightly wounded, unusually resistant)
The sticky flame hits the orc warlord.
The orc warlord resists.
The orc warlord is lightly wounded.
The orc warlord is covered in liquid flames!
The orc warlord burns!
The orc warlord hits you with a great mace of draining!!
The orc warlord burns!
A hobgoblin comes into view. It is wielding a hand axe.
The hobgoblin shouts!
The orc warlord burns!
Things that are here:
a war axe; a ring mail You feel yourself speed up.
The orc warlord burns!
The orc warlord hits you with a great mace of draining!!
Ouch! That really hurt!
You die...

### ### ###.### ###.###
###.....### ###.....###
##.........###.........##
#..........)#)..........#
#...........))).........#
#.....⌠....)#....)⌠.)...#
#.......@o..#.........).#
#...g.......#...........#
###)).......###.........##
♣♣♣ ###.#)#.....###
###.....#§#
..♣###...))###.###
###.###g.)
..##.........### ### .)..
.)#...........# .)).
..'.)...).....# .....
..')...)⌠.....# ....⌠


You could see an orc warlord (burning) and a hobgoblin.

Vanquished Creatures
  Pikel (D:5)
  An orc knight (Bailey)
  A hungry ghost (D:7)
  16 orc warriors
  A slave (D:5)
  An ice beast (D:6)
  2 sky beasts
  3 ogres
  3 centaurs
  A water moccasin zombie (D:5)
  A gnoll sergeant (D:6)
  A scorpion (D:6)
  A howler monkey (D:4)
  A crimson imp (D:6)
  A centaur zombie (D:5)
  8 hounds
  A gnoll shaman (D:6)
  2 orc priests
  5 orc wizards
  Ijyb (D:3)
  3 iguanas
  3 worker ants
  A hound zombie (D:6)
  A worker ant zombie (D:6)
  Robin (D:4)
  16 gnolls
  10 adders
  5 river rats
  An adder zombie (D:7)
  6 worms
  3 dart slugs
  A giant gecko (D:4)
  26 orcs
  6 ball pythons
  8 giant cockroaches
  28 goblins
  29 hobgoblins
  8 jackals
  4 quokkas
  8 bats
  A giant cockroach zombie (D:6)
  A giant gecko zombie (D:7)
  18 giant newts
  A jackal zombie (D:6)
  16 kobolds
  A quokka zombie (D:6)
  13 rats
271 creatures vanquished.

Vanquished Creatures (others)
  An ogre (D:5)
  A slave (D:5)
  A crimson imp (D:5)
  A worm (D:5)
  A giant gecko (D:5)
5 creatures vanquished.

Grand Total: 276 creatures vanquished

Notes
Turn   | Place    | Note
--------------------------------------------------------------
     0 | D:1      | TheGoonsmith the Gargoyle Fire Elementalist began the quest for the Orb.
     0 | D:1      | Reached XP level 1. HP: 10/10 MP: 3/3
   458 | D:1      | Reached XP level 2. HP: 13/15 MP: 0/5
   860 | D:1      | Reached XP level 3. HP: 19/19 MP: 2/6
  1774 | D:2      | Found Zin's Purification Station.
  1774 | D:2      | Found a glowing silver altar of Zin.
  1889 | D:2      | Reached XP level 4. HP: 24/24 MP: 4/7
  2471 | D:3      | Found a radiant altar of Vehumet.
  2483 | D:3      | Became a worshipper of Vehumet
  2553 | D:3      | Reached XP level 5. HP: 28/28 MP: 8/14
  2554 | D:3      | Reached skill level 10 in Conjurations
  2554 | D:3      | Reached XP level 6. HP: 32/32 MP: 8/16
  2611 | D:3      | Learned a level 3 spell: Conjure Flame
  2616 | D:3      | Learned a level 4 spell: Sticky Flame
  2622 | D:3      | Learned a level 5 spell: Fireball
  2790 | D:3      | Noticed Ijyb
  2796 | D:3      | Killed Ijyb
  2919 | D:3      | Found a shadowy altar of Dithmenos.
  2963 | D:3      | Reached * piety under Vehumet
  2963 | D:3      | Offered knowledge of Sting by Vehumet.
  3080 | D:3      | Found a snail-covered altar of Cheibriados.
  3080 | D:3      | Found an oddly glowing altar of Pakellas.
  3120 | D:3      | Reached XP level 7. HP: 36/36 MP: 15/18
  3134 | D:3      | Found a sacrificial altar of Ru.
  3521 | D:4      | Found a sparkling altar of Nemelex Xobeh.
  3661 | D:4      | Offered knowledge of Sandblast by Vehumet.
  3669 | D:4      | Found a glowing drain.
  3675 | Sewer    | Entered a sewer
  3693 | Sewer    | Reached ** piety under Vehumet
  4136 | D:4      | Noticed Robin
  4152 | D:4      | Killed Robin
  4645 | D:5      | Entered Level 5 of the Dungeon
  4719 | D:5      | Noticed Pikel
  4727 | D:5      | Killed Pikel
  4727 | D:5      | Reached skill level 10 in Fire Magic
  4727 | D:5      | Reached XP level 8. HP: 41/41 MP: 7/19
  4801 | D:5      | Found Coet's Jewellery Boutique.
  5038 | D:5      | Offered knowledge of Ignite Poison by Vehumet.
  5189 | D:5      | Reached skill level 1 in Armour
  5266 | D:5      | Found a staircase to the Ecumenical Temple.
  5768 | D:6      | Reached XP level 9. HP: 43/45 MP: 17/21
  5824 | D:6      | Reached *** piety under Vehumet
  5969 | D:6      | Gained mutation: You possess an exceptional clarity of mind. [mutagenic meat]
  5970 | D:6      | Gained mutation: You regenerate slowly when monsters are visible. [mutagenic meat]
  5971 | D:6      | Gained mutation: Your mind is acute. (Int +2) [mutagenic meat]
  6215 | D:6      | Reached skill level 5 in Armour
  6305 | D:6      | Offered knowledge of Static Discharge by Vehumet.
  6804 | D:6      | Reached **** piety under Vehumet
  6958 | D:6      | Found Avvu's General Store.
  6965 | D:6      | Found a stormy altar of Qazlal.
  7176 | D:7      | Identified a scroll of acquirement
  7385 | D:7      | Found a flagged portal.
  7405 | Bailey   | Entered a bailey
  7422 | Bailey   | Offered knowledge of Iskenderun's Battlesphere by Vehumet.
  7426 | Bailey   | Reached XP level 10. HP: 43/50 MP: 10/22
  7544 | Bailey   | Learned a level 5 spell: Iskenderun's Battlesphere
  7625 | Bailey   | Reached skill level 1 in Fighting
  7777 | Bailey   | Noticed an orc knight
  7792 | Bailey   | Killed an orc knight
  8263 | Bailey   | Noticed an orc warlord
  8281 | Bailey   | Mangled by an orc warlord

Vault maps used:
D:1:      scummos_arrival_simple_fountains
D:2:      zin_purify, minmay_distorted
D:3:      hangedman_ru_absence, vehumet_crystals,
          grunt_dithmenos_smoke_and_mirrors, gammafunk_temple_overflow_elements,
          first_bread, uniq_iyjb
D:4:      portal_sewer_entry_e, nemelex_lonely_heart_becter, uniq_robin
D:5:      minmay_temple_entry_junction, serial_shops, nicolae_shop_waterfront,
          st_stairs_7, uniq_pikel
D:6:      kennysheep_housing_project, nicolae_qazlal_style_of_elements,
          serial_shops, shop, dk_vineyard_2
D:7:      tgw_sif, kennysheep_mini_moat, enter_bailey_2, uniq_duvessa
Sewer:    sewer_co_cracked_pipes
Bailey:   bailey_axe_minmay_hex_keep, bailey

Skill      XL: |  1  2  3  4  5  6  7  8  9 10 |
---------------+-------------------------------+-----
Conjurations   | 2 3 7 10 | 10.2
Spellcasting   | 6 7 8 |  8.0
Fire Magic     | 7 9 10 | 10.2
Armour         | 2 6 |  6.9
Fighting       | 4 |  4.6
Dodging        | |  1.5
Stealth        | |  2.1

Action                   |  1- 3 |  4- 6 |  7- 9 | 10-12 || total
-------------------------+-------+-------+-------+-------++-------
Melee: Whip              |     7 |       |       |       ||     7
       Unarmed           |     4 |       |       |       ||     4
       Dagger            |     3 |     3 |   114 |    43 ||   163
       Mace              |       |       |    44 |       ||    44
 Cast: Flame Tongue      |    62 |    71 |   279 |    70 ||   482
       Fireball          |       |     1 |     2 |     4 ||     7
       Sticky Flame      |       |       |    22 |    14 ||    36
       Conjure Flame     |       |       |     4 |     2 ||     6
Evoke: Rod               |       |       |     1 |       ||     1
  Use: Scroll            |       |     9 |     8 |       ||    17
       Potion            |       |     2 |       |     1 ||     3
  Eat: Chunk             |     4 |     4 |    23 |     4 ||    35
       Meat ration       |       |       |     1 |       ||     1
Armor: Robe              |     6 |    10 |     8 |       ||    24
       Ice dragon armour |       |       |   166 |    49 ||   215
Dodge: Dodged            |    22 |    16 |   144 |    25 ||   207
